 Dungeon Crawl Stone Soup version 0.25-a0-942-g87a53962fc (webtiles) character file.

Game seed: 12621654059513328102, levelgen mode: deterministic

63 kae the Chiller (level 4, -1/30 HPs)
             Began as a Merfolk Ice Elementalist on May 7, 2020.
             Slain by a gnoll (5 damage)
             ... on level 2 of the Dungeon.
             The game lasted 00:01:12 (1859 turns).

kae the Chiller (Merfolk Ice Elementalist)          Turns: 1859, Time: 00:01:12

Health: -1/30      AC:  3    Str:  9    XL:     4   Next: 10%
Magic:  1/8        EV: 13    Int: 14    God:
Gold:   50         SH:  0    Dex: 14    Spells: 7/8 levels left

rFire    . . .     SeeInvis .   m - +0 spear
rCold    . . .     Gourm    .   (no shield)
rNeg     . . .     Faith    .   a - +0 robe
rPois    .         Spirit   .   (no helmet)
rElec    .         Reflect  .   (no cloak)
rCorr    .         Harm     .   l - +0 pair of gloves
MR       .....                  (no boots)
Stlth    ++........             (no amulet)
HPRegen  0.10/turn              (no ring)
MPRegen  0.11/turn              (no ring)

@: no status effects
A: change form in water, swift swim, stealthy swim
a: no special abilities


You were on level 2 of the Dungeon.
You were not hungry.

You visited 1 branch of the dungeon, and saw 2 of its levels.

You collected 50 gold pieces.

Inventory:

Hand Weapons
 k - a +0 mace
 m - a +0 spear (weapon)
Armour
 a - a +0 robe (worn)
 l - a +0 pair of gloves (worn)
Scrolls
 d - a scroll of enchant armour {unknown}
 f - 2 scrolls of remove curse {unknown}
 h - a scroll of identify {unknown}
 o - a scroll of enchant weapon {unknown}
Potions
 b - 2 potions of brilliance {unknown}
 e - a potion of degeneration {unknown}
 g - a potion of resistance {unknown}
 i - a potion of curing {unknown}
 j - a potion of lignification {unknown}
Comestibles
 c - 4 rations
 n - 2 chunks of flesh


   Skills:
 - Level 2.6 Dodging
 - Level 2.1 Stealth
 + Level 2.7 Spellcasting
 * Level 5.6 Ice Magic


You had 7 spell levels left.
You knew the following spells:

 Your Spells              Type           Power        Failure   Level  Hunger
a - Freeze                Ice            ###.         2%          1    #......

Your spell library contained the following spells:

 Spells                   Type           Power        Failure   Level  Hunger
 Frozen Ramparts          Ice            ###...       7%          3    ###....
 Ozocubu's Armour         Chrm/Ice       #.......     21%         3    ###....
 Confusing Touch          Hex            #.......     54%         3    ###....
 Gell's Gravitas          Tloc           #.........   54%         3    ###....
 Hailstorm                Conj/Ice       #.......     56%         4    #####..
 Summon Ice Beast         Ice/Summ       #.......     56%         4    #####..
 Metabolic Englaciation   Hex/Ice        #.........   88%         5    ######.
 Petrify                  Tmut/Erth      #.......     91%         4    #####..
 Yara's Violent Unravell  Hex/Tmut       #.........   99%         5    ######.


Dungeon Overview and Level Annotations

Branches:
Dungeon (2/15)

Altars:


Message History

Aiming: Freeze (safe; 2% risk of failure)
Press: ? - help, Shift-Dir - straight line, f/p - gnoll
Aim: a gnoll (moderately wounded)
You freeze the gnoll.
The gnoll is moderately wounded.
The gnoll hits you.
Casting: Freeze (safe; 2% risk of failure)
Confirm with . or Enter, or press ? or * to list all spells.
You don't have enough magic to cast that spell.
You closely miss the gnoll.
The gnoll is moderately wounded.
The gnoll hits you.
* * * LOW HITPOINT WARNING * * *
You hit the gnoll.
The gnoll is heavily wounded.
The gnoll hits you but does no damage.
You barely miss the gnoll.
The gnoll is heavily wounded.
The gnoll hits you.
You die...

#...# #... #...
... #.#
#######.########.
)........@g..w...
#####..#####...
##.# #.## #..#
##.## #..# ##.#
#.#


You could see a worm and a gnoll.

Vanquished Creatures
  2 gnolls (D:2)
  An adder (D:2)
  A worm (D:2)
  A dart slug (D:2)
  2 leopard geckos
  4 bats (D:1)
  2 giant cockroaches (D:1)
  5 goblins
  2 hobgoblins
  3 jackals (D:2)
  3 kobolds (D:1)
26 creatures vanquished.

Notes
Turn   | Place    | Note
-------+----------+-------------------------------------------
     0 | D:1      | kae the Merfolk Ice Elementalist began the quest for the
                  | Orb.
     0 | D:1      | Reached XP level 1. HP: 13/13 MP: 3/3
   509 | D:1      | Reached XP level 2. HP: 19/19 MP: 3/5
   899 | D:1      | Reached skill level 5 in Ice Magic
  1551 | D:2      | Reached XP level 3. HP: 24/24 MP: 3/6
  1854 | D:2      | Reached XP level 4. HP: 14/30 MP: 2/8
  1859 | D:2      | Slain by a gnoll

Levels and vault maps discovered:
D:1:      dpeg_arrival_circle_labyrinth_c, layout_loops_ring, minivault_11,
          moated_statue
D:2:      mumra_celtic_spiral_tile, layout_basic

Skill      XL: |  1  2 |
---------------+-------+-----
Ice Magic      | 5 |  5.6
Dodging        | |  2.6
Stealth        | |  2.1
Spellcasting   | |  2.7

Action                   |  1- 3 |  4- 6 || total
-------------------------+-------+-------++-------
Melee: Unarmed           |     4 |       ||     4
       Mace              |    19 |       ||    19
       Spear             |    23 |     3 ||    26
 Cast: Freeze            |    23 |     3 ||    26
 Stab: Sleeping          |     2 |       ||     2
  Eat: Chunk             |     3 |       ||     3
Armor: Robe              |     8 |     1 ||     9
Dodge: Dodged            |    45 |       ||    45

Table legend:
 A = Non-vault XP
 B = Vault XP
 C = Vault XP percentage of total XP
 D = Non-vault monster count
 E = Vault monster count
 F = Vault count percentage of total count
                 A         B        C        D         E       F
            +---------+---------+-------+---------+---------+-------
      Total |      91 |       0 |   0.0 |      26 |       0 |   0.0
            +---------+---------+-------+---------+---------+-------
        D:1 |      28 |       0 |   0.0 |      15 |       0 |   0.0
        D:2 |      63 |       0 |   0.0 |      11 |       0 |   0.0
            +---------+---------+-------+---------+---------+-------
